 Dungeon Crawl Stone Soup version 0.28-a0-794-gafe8c5f9e9 (webtiles) character file.

Game seed: 10036684185769415834

6279 siradein the Fighter (level 10, -4/94 HPs)
             Began as a Minotaur Berserker on Nov 5, 2021.
             Was an Elder of Trog.
             Killed from afar by a rakshasa (33 damage)
             ... with a lance of force
             ... on level 10 of the Dungeon.
             The game lasted 00:26:27 (7382 turns).

siradein the Fighter (Minotaur Berserker)           Turns: 7382, Time: 00:26:28

Health: -4/94      AC: 15    Str: 28    XL:     10   Next: 63%
Magic:  9/9        EV: 18    Int:  1    God:    Trog [****..]
Gold:   371        SH:  0    Dex: 11    Spells: 9/9 levels left

rFire   . . .      SeeInvis .   p - +8 bardiche "Wegiot" {freeze, rElec rN+ Str+4 Int-3}
rCold   . . .      Faith    +   (shield currently unavailable)
rNeg    + . .      Spirit   .   F - +0 plate armour
rPois   .          Reflect  .   (helmet restricted)
rElec   +          Harm     .   g - +0 cloak
rCorr   .          Rampage  .   (no gloves)
Will    ++...                   (no boots)
Stlth   ..........              w - amulet of faith
HPRegen 1.25/turn               z - +4 ring of evasion
MPRegen 0.11/turn               a - +4 ring of evasion

@: strong-willed, on berserk cooldown, regenerating, slowed, very slow
A: horns 2, retaliatory headbutt
a: Renounce Religion, Berserk, Trog's Hand, Brothers in Arms


You were on level 10 of the Dungeon.
You worshipped Trog.
Trog was greatly pleased with you.
You visited 1 branch of the dungeon, and saw 9 of its levels.

You collected 371 gold pieces.

Inventory:

Hand Weapons
 p - the +8 bardiche "Wegiot" (weapon) {freeze, rElec rN+ Str+4 Int-3}
   (You found it on level 10 of the Dungeon)

   It freezes those it strikes, dealing additional cold damage.
   It can also slow down cold-blooded creatures.
   Str:       It affects your strength (+4).
   Int:       It affects your intelligence (-3).
   rElec:     It insulates you from electricity.
   rN:        It protects you from negative energy.
 D - a +0 battleaxe of freezing
Missiles
 e - 4 curare-tipped darts
 o - 12 boomerangs
 x - a throwing net
 y - 10 poisoned darts (quivered)
Armour
 g - a +0 cloak (worn)
 F - a +0 plate armour (worn)
Jewellery
 a - a +4 ring of evasion (right hand)
 w - an amulet of faith (around neck)
 z - a +4 ring of evasion (left hand)
Wands
 b - a wand of polymorph (11)
 E - a wand of iceblast (9)
Scrolls
 f - 2 scrolls of enchant armour {unknown}
 h - 2 scrolls of fog
 j - 2 scrolls of silence
 l - a scroll of fear {unknown}
 n - 2 scrolls of brand weapon
 q - a scroll of blinking {unknown}
 r - 2 scrolls of teleportation {unknown}
 t - a scroll of magic mapping {unknown}
 A - a scroll of vulnerability {unknown}
 G - a scroll of identify
Potions
 c - a potion of might
 d - a potion of magic {unknown}
 i - 2 potions of attraction {unknown}
 k - a potion of degeneration {unknown}
 m - a potion of ambrosia {unknown}
 s - a potion of heal wounds {unknown}
 u - a potion of curing {unknown}
 v - a potion of cancellation {unknown}
 B - a potion of lignification {unknown}
 C - a potion of brilliance {unknown}


   Skills:
 + Level 10.4 Fighting
 + Level 10.3 Axes
 + Level 9.9 Armour
 + Level 9.2 Dodging
 - Level 0.8 Shields


You had 9 spell levels left.
You didn't know any spells.
Your spell library was empty.

Dungeon Overview and Level Annotations

Branches:
Dungeon (8/15)             Temple (0/1) D:7
   Lair: D:8-11

Altars:
Ru
Uskayaw
Wu Jian
The Shining One

Annotations:
D:10 1 runed translucent door


Innate Abilities, Weirdness & Mutations

You have a pair of horns on your head.
You reflexively headbutt those who attack you in melee.


Message History

You are exhausted.
You feel yourself slow down.
There is an open door, spattered with blood here.
You closely miss the rakshasa. The rakshasa closely misses you.
The howler monkey hoots and howls with incredible vigour!
The rakshasa barely misses you. You furiously retaliate!
You headbutt the rakshasa!
The rakshasa blinks!
You barely miss the orc warrior.
You headbutt the orc warrior, but do no damage.
The orc warrior is moderately wounded.
The rakshasa blinks!
The orc warrior hits you but does no damage.
The rakshasa weaves an illusion.
The orc warrior hits you but does no damage.
Your skin crawls.
You feel strong-willed.
The orc warrior hits you but does no damage.
The orc warrior misses you.
You slice the orc warrior!! You freeze the orc warrior.
You kill the orc warrior!
Trog accepts your kill.
The howler monkey hoots and howls with incredible vigour!
The rakshasa hits you but does no damage.
The howler monkey completely misses you.
You barely miss the howler monkey. You headbutt the howler monkey.
The howler monkey is lightly wounded.
The howler monkey hits you.
The rakshasa hits you from afar with a +0 trident!
The howler monkey misses you. The rakshasa closely misses you.
The howler monkey hits you.
* * * LOW HITPOINT WARNING * * *
The rakshasa hits you from afar with a +0 trident.
* * * LOW HITPOINT WARNING * * *
The howler monkey hoots and howls with incredible vigour!
You slash the howler monkey! You freeze the howler monkey!
You kill the howler monkey!
Trog accepts your kill. The rakshasa gestures at you.
The lance of force hits you!!
You die...

#### #...## .....##
......# ##......##.
......# #.......#..
......#
#.........###R....#
#.......###.'#
#.....##...@#####
#ZZZ##8....#...#
#####.....)'.(.#
#.[.'......#####
#...#..[.8##...##
#####.[..##.....##
##...#รท)###.......#
##.....###.........#
#.......#..#.......#


You could see a rakshasa.

Vanquished Creatures
  A two-headed ogre (D:10)
  A wolf spider (D:10)
  An ugly thing (D:8)
  An efreet (D:10)
  Maggie (D:6)
  A troll (D:10)
  Grinder (D:3)
  2 yaks (D:10)
  A wyvern (D:10)
  A shadow (D:10)
  A steam dragon (D:5)
  A vampire mosquito (D:10)
  A water moccasin (D:7)
  4 orc warriors
  2 black bears
  4 sky beasts
  3 necrophages
  2 centaurs
  A kobold brigand (D:10)
  3 bullfrogs
  A gnoll sergeant (D:6)
  A scorpion (D:5)
  A water moccasin zombie (D:5)
  5 wights (D:7)
  A howler monkey (D:10)
  3 centaur zombies
  A gnoll shaman (D:5)
  A centaur skeleton (D:5)
  A hound (D:4)
  An orc priest (D:6)
  4 jellies
  3 orc wizards
  4 iguanas
  A killer bee zombie (D:5)
  11 gnolls
  7 adders
  A howler monkey skeleton (D:6)
  A white imp (D:7)
  2 ufetubi
  A dart slug (D:1)
  14 orcs
  4 ball pythons
  2 endoplasms
  5 giant cockroaches
  10 goblins
  4 hobgoblins
  6 jackals (D:2)
  2 kobolds
  4 quokkas
  3 bats (D:2)
  2 frilled lizards (D:3)
  2 rats (D:2)
142 creatures vanquished.

Notes
Turn   | Place    | Note
-------+----------+-------------------------------------------
     0 | D:1      | siradein the Minotaur Berserker began the quest for the
                  | Orb.
     0 | D:1      | Reached XP level 1. HP: 19/19 MP: 0/0
   149 | D:1      | Reached XP level 2. HP: 25/27 MP: 1/1
   820 | D:2      | Reached XP level 3. HP: 26/33 MP: 2/2
   934 | D:2      | Found a faded altar of an unknown god.
  1004 | D:2      | Reached ** piety under Trog
  1338 | D:3      | Noticed Grinder
  1347 | D:3      | Killed Grinder
  1348 | D:3      | Reached skill level 5 in Fighting
  1348 | D:3      | Reached skill level 5 in Axes
  1348 | D:3      | Reached XP level 4. HP: 42/42 MP: 3/3
  1348 | D:3      | Reached XP level 5. HP: 48/48 MP: 4/4
  1722 | D:3      | Reached XP level 6. HP: 56/56 MP: 5/5
  3095 | D:5      | Entered Level 5 of the Dungeon
  3102 | D:5      | Reached XP level 7. HP: 57/62 MP: 6/6
  3107 | D:5      | Reached skill level 5 in Armour
  3321 | D:5      | Reached skill level 5 in Dodging
  3958 | D:5      | You fall into a shaft and drop 1 floor!
  3981 | D:6      | Reached *** piety under Trog
  4100 | D:6      | Reached XP level 8. HP: 71/71 MP: 7/7
  4845 | D:6      | Found a glowing golden altar of the Shining One.
  4906 | D:6      | Found a sacrificial altar of Ru.
  4909 | D:6      | Found a hide-covered altar of Uskayaw.
  4978 | D:6      | Found an ornate altar of the Wu Jian Council.
  5194 | D:6      | Noticed Maggie
  5209 | D:6      | Killed Maggie
  5210 | D:6      | Reached XP level 9. HP: 61/81 MP: 8/8
  5863 | D:7      | Found a staircase to the Ecumenical Temple.
  6405 | D:8      | Reached **** piety under Trog
  6513 | D:8      | Noticed a cyan ugly thing
  6534 | D:8      | Killed a cyan ugly thing
  6863 | D:8      | You fall into a shaft and drop 2 floors!
  6863 | D:10     | Entered Level 10 of the Dungeon
  6863 | D:10     | Noticed an efreet
  6863 | D:10     | Noticed a troll
  6863 | D:10     | Noticed a wolf spider
  6874 | D:10     | Killed a wolf spider
  6876 | D:10     | Killed a troll
  6877 | D:10     | Reached XP level 10. HP: 56/91 MP: 9/9
  6983 | D:10     | Reached skill level 10 in Fighting
  7018 | D:10     | Reached skill level 10 in Axes
  7327 | D:10     | Found a runed translucent door.
  7345 | D:10     | Identified the +8 bardiche "Wegiot" {freeze, rElec rN+
                  | Str+4 Int-3}
  7364 | D:10     | Noticed a two-headed ogre
  7364 | D:10     | Noticed a rakshasa
  7369 | D:10     | Killed a two-headed ogre
  7382 | D:10     | Killed from afar by a rakshasa

Illustrated notes

Levels and vault maps discovered:
D:1:      matt_arrival_diagonals, layout_loops_ring
D:2:      layout_rooms, shapermc_ecumenical_altar_flowoftime,
          grunt_ministairs_15
D:3:      layout_loops_ring, ebering_dispersal_statue_hall, uniq_grinder
D:4:      layout_loops_cross
D:5:      layout_basic
D:6:      layout_loops_ring, grunt_temple_overflow_cloverleaf, uniq_maggie
D:7:      layout_loops_cross, minmay_temple_entry_wispy,
          hangedman_decor_opposing
D:8:      layout_loops_cross, jmf_multi_god_temple2, uniq_maurice
D:10:     cheibrodos_histonic, layout_irregular_city, hiddenorc1_lemuel,
          onia_ninara_dug_in_and_dangerous

Skill      XL: |  1  2  3  4  5  6  7  8  9 10 |
---------------+-------------------------------+-----
Fighting       | 4 5 6 8 9 10 | 10.4
Axes           | 4 5 6 7 9 10 | 10.3
Armour         | 3 4 5 7 9 |  9.9
Dodging        | 3 4 5 6 8 9 |  9.2
Shields        | |  0.8

Action                   |  1- 3 |  4- 6 |  7- 9 | 10-12 || total
-------------------------+-------+-------+-------+-------++-------
Melee: Hand axe          |    60 |    67 |    92 |       ||   219
       Headbutt          |    11 |    18 |    41 |     7 ||    77
       War axe           |       |       |    55 |       ||    55
       Battleaxe         |       |       |    44 |    29 ||    73
       Bardiche          |       |       |       |    11 ||    11
Invok: Berserk           |     1 |       |     6 |     2 ||     9
       Trog's Hand       |       |       |     3 |     1 ||     4
  Use: Scroll            |       |       |     4 |       ||     4
Armor: Animal skin       |    14 |       |       |       ||    14
       Robe              |       |    13 |       |       ||    13
       Ring mail         |       |     8 |       |       ||     8
       Scale mail        |       |     3 |    35 |       ||    38
       Chain mail        |       |       |    34 |     7 ||    41
       Plate armour      |       |       |       |     6 ||     6
Dodge: Dodged            |    53 |    38 |   163 |    47 ||   301

Table legend: (Time is in decaauts)
 A = Elapsed time spent in this place.
 B = Non-inter-level travel time spent in this place.
 C = Inter-level travel time spent in this place.
 D = Time resting spent in this place.
 E = Time spent auto-exploring this place.
 F = Levels seen in this place.
 G = Mean time per level.
                   A        B        C        D        E       F      G
               +--------+--------+--------+--------+--------+-----+--------+
         Total |   7482 |   7261 |    221 |    820 |   5411 |   9 |  831.3 |
       Dungeon |   7482 |   7261 |    221 |    820 |   5411 |   9 |  831.3 |
               +--------+--------+--------+--------+--------+-----+--------+

Top non-repeatable levels by time:
     D:5: 1396 daAuts
     D:6: 1056 daAuts
     D:3: 928 daAuts
     D:4: 897 daAuts
     D:7: 870 daAuts
     D:1: 793 daAuts
    D:10: 543 daAuts
     D:8: 504 daAuts
     D:2: 492 daAuts
